 Dungeon Crawl Stone Soup version 0.31-a0-117-g42d8f58691 (webtiles) character file.

Game seed: 5461504758131914450

89859 nubinia the Stormcaller (level 15, -1/132 HPs)
             Began as a Pale Draconian Air Elementalist on May 28, 2023.
             Was an Initiate of Gozag.
             Constricted to death by a shambling mangrove (10 damage)
             ... on level 2 of the Swamp on May 31, 2023.
             The game lasted 03:05:44 (28547 turns).

nubinia the Stormcaller (DrAE)                     Turns: 28547, Time: 03:05:46

Health: -1/132     AC: 22    Str:  8    XL:     15   Next: 50%
Magic:  24/47      EV: 11    Int: 27    God:    Gozag
Gold:   283        SH:  5    Dex: 16    Spells: 23/39 levels left

rFire   . . .        a - staff of air
rCold   . . .        (no shield)
rNeg    . . .        (body armour unavailable)
rPois   .            M - +3 hat of Pondering {ponderous, Will+ MP+10 Int+5}
rElec   +            F - +2 cloak {Will+}
rCorr   .            U - +1 pair of gloves "Qufaprux" {Int+3}
SInv    .            e - +0 pair of boots
Will    +++..        v - amulet of reflection
Stlth   +++          y - ring of magical power
HPRegen 0.42/turn    p - +4 ring of protection
MPRegen 0.30/turn

%: reflection, clarity
@: lethally poisoned (-1 -> -10), short of breath, grasped by roots, slowed,
constricted, very slow
A: breathe steam, AC +9, unfitting armour, cold-blooded, steam resistance,
clarity, low MP 1, weak 1
a: Breathe Steam, Renounce Religion, Potion Petition, Call Merchant, Bribe
Branch


You were on level 2 of the Swamp.
You worshipped Gozag.
Gozag was aware of your devotion.
You visited 5 branches of the dungeon, and saw 20 of its levels.
You also visited: Sewer, Ossuary and Ice Cave.

You collected 6585 gold pieces.
You spent 1150 gold pieces at shops.
You paid 5152 gold pieces to Gozag.

Inventory:

Hand Weapons
 b - the +9 morningstar "Ryrgh" {flame, Will+}
   (You bought it in a shop on level 2 of the Orcish Mines)

   Will:      It increases your willpower.
 K - the +9 flail of Gemyiss {freeze, Fragile Str-3 SInv Stlth+}
   (You found it on level 1 of the Orcish Mines)

   Str:       It affects your strength (-3).
   SInv:      It lets you see invisible.
   Fragile:   It will be destroyed if unequipped.
   Stlth:     It makes you more stealthy.
 L - a +3 heavy whip
Armour
 e - a +0 pair of boots (worn)
 g - a +1 cloak
 o - an orb of light
 F - a +2 cloak of willpower (worn)
 M - the +3 hat of Pondering (worn) {ponderous, Will+ MP+10 Int+5}
   (You took it off Gastronok on level 1 of the Lair of Beasts)

   Int:       It affects your intelligence (+5).
   MP:        It affects your magic capacity (+10).
   Will:      It increases your willpower.
 U - the +1 pair of gloves "Qufaprux" (worn) {Int+3}
   (You bought it in a shop on level 5 of the Lair of Beasts)

   Int:       It affects your intelligence (+3).
Magical Staves
 a - a staff of air (weapon)
 d - a staff of fire
 I - a staff of cold
 R - a staff of death
Jewellery
 c - a ring of resist corrosion
 i - a +6 ring of dexterity
 p - a +4 ring of protection (right hand)
 q - a +4 ring of protection
 r - an amulet of magic regeneration
 t - the ring "Luskul" {rPois Will+}
   (You took it off an orc on level 6 of the Dungeon)

   [ring of willpower]

   rPois:     It protects you from poison.
   Will:      It increases your willpower.
 u - a ring of magical power
 v - an amulet of reflection (around neck)
 x - an amulet of guardian spirit
 y - a ring of magical power (left hand)
 V - a ring of flight
Wands
 D - a wand of paralysis (11)
 E - a wand of flame (24)
 H - a wand of digging (7)
 N - a wand of mindburst (14)
Scrolls
 m - 8 scrolls of teleportation
 A - 2 scrolls of amnesia
 J - 2 scrolls of fog
 Q - 2 scrolls of silence
 S - a scroll of enchant armour
 T - 2 scrolls of identify
Potions
 f - 3 potions of might
 h - a potion of cancellation
 j - 7 potions of curing
 k - 3 potions of brilliance
 l - 7 potions of heal wounds
 n - 4 potions of ambrosia
 s - 4 potions of enlightenment
 w - a potion of lignification
 z - 5 potions of haste
 B - 5 potions of invisibility
 G - a potion of berserk rage
 O - 2 potions of resistance
 P - a potion of magic


   Skills:
 * Level 12.1 Fighting
 + Level 4.5 Maces & Flails
 + Level 4.1 Dodging
 + Level 4.6 Stealth
 + Level 2.8 Shields
 + Level 0.6 Unarmed Combat
 + Level 12.5 Spellcasting
 + Level 9.3 Conjurations
 * Level 4.6 Fire Magic
 * Level 18.9 Air Magic


You had 23 spell levels left.
You knew the following spells:

 Your Spells              Type           Power      Damage    Failure   Level
a - Shock                 Conj/Air       100%       1d9       0%          1
b - Static Discharge      Conj/Air       100%       2-7/arc   0%          2
c - Airstrike             Air            54%        2d(8-24)  0%          4
d - Swiftness             Air            100%       N/A       0%          3
e - Plasma Beam           Fire/Air       44%        2x1d63    4%          6

Your spell library contained the following spells:

 Spells                   Type           Power      Damage    Failure   Level
 Hailstorm                Conj/Ice       42%        3d10      1%          3
 Beastly Appendage        Tmut           32%        N/A       3%          1
 Freeze                   Ice            64%        1d7       3%          1
 Lesser Beckoning         Tloc           32%        N/A       4%          2
 Sublimation of Blood     Necr           16%        N/A       4%          2
 Wereblood                Tmut           16%        N/A       4%          2
 Call Canine Familiar     Summ           16%        N/A       10%         3
 Frozen Ramparts          Ice            32%        1d5       10%         3
 Gell's Gravitas          Tloc           16%        N/A       10%         3
 Ozocubu's Armour         Ice            16%        N/A       10%         3
 Portal Projectile        Hex/Tloc       32%        N/A       10%         3
 Spider Form              Tmut/Pois      16%        N/A       10%         3
 Teleport Other           Tloc           16%        N/A       10%         3
 Tukima's Dance           Hex            16%        N/A       10%         3
 Irradiate                Conj/Tmut      21%        3d18      14%         5
 Leda's Liquefaction      Hex/Erth       8%         N/A       32%         4
 Olgreb's Toxic Radiance  Pois           16%        N/A       32%         4
 Petrify                  Tmut/Erth      16%        N/A       32%         4
 Blade Hands              Tmut           8%         N/A       67%         5
 Dispersal                Tloc           8%         N/A       99%         6
 Haunt                    Necr/Summ      8%         N/A       100%        7
 Malign Gateway           Summ/Tloc      8%         N/A       100%        7
 Ozocubu's Refrigeration  Ice            8%         4d9       100%        7
 Summon Hydra             Summ           8%         N/A       100%        7
 Discord                  Hex            8%         N/A       100%        8
 Ignition                 Fire           21%        3d8       100%        8
 Infestation              Necr           8%         N/A       100%        8
 Animate Dead             Necr           Unusable   N/A       N/A         4

Dungeon Overview and Level Annotations

Branches:
Dungeon (10/15)            Temple (1/1) D:6            Lair (5/5) D:10
  Swamp (2/4) Lair:3       Spider (0/4) Lair:3        Slime (0/5) Lair:5
    Orc (2/2) D:10            Elf (0/3) Orc:2         Sewer (visited)
Ossuary (visited)           IceCv (visited)

Altars:
Cheibriados
Dithmenos
Elyvilon
Fedhas
Gozag
Hepliaklqana
Nemelex Xobeh
Qazlal
Ru
Uskayaw
Wu Jian
Zin
The Shining One
Jiyva

Shops:
D:7 *   D:9 *   Orc:1 *   Orc:2 **:[*   Lair:1 (   Lair:3 !   Lair:5 [

Annotations:
D:3 Grinder
D:8 Erica
D:10 Erolcha


Innate Abilities, Weirdness & Mutations

You can breathe blasts of scalding, opaque steam.
Your pale cyan-grey scales are hard. (AC +9)
You cannot fit into any form of body armour.
You are cold-blooded and may be slowed by cold attacks.
You are immune to the effects of steam.
You possess an exceptional clarity of mind.
Your magical capacity is low. (-10% MP)
You are weak. (Str -2)


Message History

The shambling mangrove hits you but does no damage.
The grasping roots constrict you!
The hornet stings you but does no damage. x2
Casting: Static Discharge (safe; 0% risk of failure)
Confirm with . or Enter, or press ? or * to list all spells.
You feel a surge of power!
The hornet is struck by an arc of lightning.
The hornet is lightly wounded.
The hornet is struck by an arc of lightning!
The hornet is heavily wounded.
The lightning grounds out.
The shambling mangrove is struck by an arc of lightning.
The shambling mangrove is almost destroyed.
The hornet is struck by an arc of lightning.
The hornet is lightly wounded.
The lightning grounds out.
The hornet is struck by an arc of lightning.
The hornet is severely wounded.
You resist.
You are struck by an arc of lightning.
The shambling mangrove is struck by an arc of lightning.
The shambling mangrove is almost destroyed.
The hornet is struck by an arc of lightning!
The hornet is moderately wounded.
The shambling mangrove is struck by an arc of lightning.
The shambling mangrove is almost destroyed.
The lightning grounds out.
The hornet stings you!
You feel as though you will be slow longer.
The hornet barely misses you. The shambling mangrove hits you.
The grasping roots constrict you! The hornet stings you.
* * * LOW HITPOINT WARNING * * *
You feel as though you will be slow longer.
The hornet stings you.
* * * LOW HITPOINT WARNING * * *
You are poisoned.
You feel as though you will be slow longer.
The shambling mangrove hits you!!
* * * LOW HITPOINT WARNING * * *
The grasping roots constrict you!
You die...
Your body crumbles into a pile of gold.

♣♣♣ ♣♣♣♣.♣♣ ♣♣♣♣..~<.♣♣♣♣ .
♣~~..~~>....♣ ..
♣....~~~~~~..♣♣♣♣♣♣♣♣ ~~f
.~~~~~~~§~~.~♣♣.@yy~♣ .~§~
.~~~~§~~~~...~♣.yf~~♣ ..~~~
~~~~~~~~..~~....~~~.♣$$.~~~
~~~~~§~.♣♣.§~.~~.~♣~~~~?~~~
~~~~~~~.♣♣~♣.~~~.♣♣.$~~....
~~~~~~.♣~♣♣.~~~§♣.~~.~~...
~~ ♣♣ ♣~~~~.♣♣§~~♣♣~..
.~~~~.♣♣♣♣♣♣ ♣. .~~~...♣


You could see a shambling mangrove and 3 hornets.

Vanquished Creatures
  Gastronok (Lair:1)
  An orc warlord (Orc:2)
  An eleionoma (Swamp:1)
  The ghost of Jano the Fighter, a journeyman OgFE of Hepliaklqana (Orc:1)
  A fire dragon (Lair:5)
  A shambling mangrove (Lair:3)
  Fannar (Lair:2)
  A ghost crab (Lair:3)
  2 hydras
  2 alligators
  5 death yaks
  8 two-headed ogres
  4 orc high priests (Orc:2)
  Sonja (Orc:2)
  A spectral death yak (Lair:3)
  Amaemon (Lair:2)
  A swamp dragon (Lair:5)
  A lindwurm (Lair:5)
  A bog body (Swamp:1)
  6 orc knights
  6 orc sorcerers
  2 will-o-the-wisps
  4 black mambas
  Maurice (D:8)
  20 elephants
  Joseph (D:9)
  An orange demon (Lair:2)
  2 torpor snails
  A cane toad (shapeshifter) (D:10)
  5 rime drakes
  Maggie (D:7)
  13 cane toads
  11 komodo dragons
  A spectral skyshark (Lair:3)
  5 trolls
  An ice devil (IceCv)
  A bloated husk (Swamp:1)
  2 hornets (Lair:3)
  2 tyrant leeches (Swamp:1)
  2 polar bears
  A tarantella (Lair:3)
  17 dream sheep
  18 blink frogs
  2 wraiths
  42 yaks
  4 wyverns
  4 basilisks
  A steam dragon (D:9)
  Menkaure (D:7)
  2 swamp worms (Swamp:2)
  6 wargs
  11 water moccasins
  3 acid dragons
  A hydra simulacrum (IceCv)
  3 swamp drakes (Lair:5)
  Pargi (Sewer)
  5 black bears
  35 orc warriors
  14 ogres
  9 wolves
  A centaur (D:10)
  A phantom (D:6)
  A spectral basilisk (Lair:3)
  An elf zombie (Ossuary)
  A kobold brigand (D:9)
  13 bullfrogs
  3 scorpions
  A cane toad simulacrum (Lair:2)
  3 wights (D:8)
  3 killer bees (D:9)
  5 howler monkeys
  2 hounds
  3 jellies
  31 orc priests
  2 gnoll boudas
  A human zombie (Ossuary)
  4 iguanas
  28 orc wizards
  2 hell rats (Lair:4)
  A troll simulacrum (IceCv)
  3 mummies (Ossuary)
  7 adders
  11 gnolls
  10 river rats
  3 naga simulacra (IceCv)
  A shadow imp (D:8)
  3 white imps
  3 ufetubi
  A worm (D:2)
  7 dart slugs
  116 orcs
  11 endoplasms
  6 giant cockroaches
  4 goblins
  4 hobgoblins
  2 jackals (D:1)
  12 kobolds
  5 quokkas
  6 ball pythons
  6 bats
  11 frilled lizards
  2 goblin zombies (Ossuary)
  6 hobgoblin zombies (Ossuary)
  4 kobold zombies (Ossuary)
  An orc zombie (Ossuary)
  7 rats
662 creatures vanquished.

Vanquished Creatures (collateral kills)
  An adder (D:3)
1 creature vanquished.

Vanquished Creatures (others)
  A bloated husk (Swamp:2)
  8 foxfires (Lair:3)
9 creatures vanquished.

Grand Total: 672 creatures vanquished

Notes
Turn   | Place    | Note
-------+----------+-------------------------------------------
     0 | D:1      | nubinia the Draconian Air Elementalist began the quest for
                  | the Orb.
     0 | D:1      | Reached XP level 1. HP: 14/14 MP: 3/3
   278 | D:1      | Reached XP level 2. HP: 20/20 MP: 3/5
   281 | D:1      | Learned a level 2 spell: Static Discharge
  1039 | D:1      | Reached XP level 3. HP: 26/26 MP: 2/6
  1706 | D:2      | Reached skill level 4 in Air Magic
  2557 | D:3      | Reached XP level 4. HP: 33/33 MP: 4/7
  2775 | D:3      | Found a glowing drain.
  2839 | Sewer    | Entered a sewer
  2971 | Sewer    | Noticed Pargi
  2991 | Sewer    | Killed Pargi
  2992 | Sewer    | Reached XP level 5. HP: 7/38 MP: 1/9
  3690 | D:3      | Noticed Grinder
  3917 | D:4      | Reached XP level 6. HP: 41/45 MP: 6/10
  4080 | D:4      | Found a stormy altar of Qazlal.
  4081 | D:4      | Found a white marble altar of Elyvilon.
  4084 | D:4      | Found an ornate altar of the Wu Jian Council.
  4085 | D:4      | Found a glowing golden altar of the Shining One.
  4598 | D:5      | Entered Level 5 of the Dungeon
  4604 | D:5      | Reached skill level 5 in Air Magic
  4703 | D:5      | Reached skill level 1 in Fighting
  5130 | D:5      | Your scales start taking on a pale cyan-grey colour.
  5130 | D:5      | Reached XP level 7. HP: 52/52 MP: 9/12
  5130 | D:5      | Gained mutation: You are immune to the effects of steam.
                  | [Pale Draconian growth]
  5371 | D:5      | Upgraded the game from 0.31-a0-112-gdf0485fa37 to
                  | 0.31-a0-115-g4708a659fe
  5650 | D:6      | Reached skill level 6 in Air Magic
  5662 | D:6      | Identified the ring "Luskul" {rPois Will+}
  5918 | D:6      | Reached XP level 8. HP: 63/63 MP: 14/14
  6029 | D:6      | Reached skill level 7 in Air Magic
  6031 | D:6      | Found a staircase to the Ecumenical Temple.
  6039 | D:6      | Noticed a troll
  6045 | Temple   | Entered the Ecumenical Temple
  6050 | Temple   | Became a worshipper of Gozag Ym Sagoz the Greedy
  6504 | D:6      | Killed a troll
  6614 | D:7      | Reached skill level 5 in Spellcasting
  6630 | D:7      | Noticed Maggie
  6643 | D:7      | Killed Maggie
  6644 | D:7      | Reached skill level 1 in Maces & Flails
  6644 | D:7      | Reached skill level 8 in Air Magic
  6707 | D:7      | Reached skill level 5 in Conjurations
  6849 | D:7      | Found a sand-covered staircase.
  6854 | Ossuary  | Entered an ossuary
  6937 | Ossuary  | Reached XP level 9. HP: 71/72 MP: 13/17
  7634 | D:7      | Found Kythreom's Assorted Antiques.
  7641 | D:7      | Bought a scroll labelled OJICED KUITEVAMI for 29 gold
                  | pieces
  7663 | D:7      | Bought a scroll of identify for 58 gold pieces
  7691 | D:7      | Noticed Menkaure
  7819 | D:7      | Killed Menkaure
  7855 | D:7      | Found a hide-covered altar of Uskayaw.
  8014 | D:7      | Found a sparkling altar of Nemelex Xobeh.
  8833 | D:8      | Reached skill level 9 in Air Magic
  8916 | D:8      | Noticed Maurice
  8926 | D:8      | Killed Maurice
  8927 | D:8      | Reached skill level 5 in Fighting
  9104 | D:8      | Noticed Erica
 10241 | D:9      | Reached skill level 10 in Air Magic
 10245 | D:9      | Noticed Joseph
 10341 | D:9      | Reached XP level 10. HP: 83/83 MP: 16/19
 10407 | D:9      | Killed Joseph
 10631 | D:9      | Found a glowing silver altar of Zin.
 10852 | D:10     | Entered Level 10 of the Dungeon
 10877 | D:10     | Learned a level 4 spell: Airstrike
 10945 | D:10     | Noticed a death yak
 10970 | D:10     | Killed a death yak
 10971 | D:10     | Reached skill level 11 in Air Magic
 11065 | D:10     | Found a staircase to the Lair.
 11074 | D:10     | Noticed a death yak
 11075 | D:10     | Noticed a two-headed ogre
 11099 | D:10     | Noticed a death yak
 11102 | D:10     | Killed a death yak
 11299 | D:9      | Killed a death yak
 11300 | D:9      | Upgraded the game from 0.31-a0-115-g4708a659fe to
                  | 0.31-a0-117-g42d8f58691
 11464 | D:10     | Noticed Erolcha
 11608 | D:10     | Found a faded altar of an unknown god.
 11608 | D:10     | Found a faded altar of an unknown god.
 11621 | D:10     | Reached XP level 11. HP: 85/91 MP: 22/22
 11821 | D:10     | Gained mutation: Your system is resistant to poisons.
                  | (rPois) [potion of mutation]
 11821 | D:10     | Gained mutation: Your spells are a little easier to cast,
                  | but a little less powerful. [potion of mutation]
 11821 | D:10     | Lost mutation: Your system is resistant to poisons. (rPois)
                  | [potion of mutation]
 11821 | D:10     | Gained mutation: You are resistant to electric shocks.
                  | (rElec) [potion of mutation]
 11822 | D:10     | Lost mutation: You are resistant to electric shocks.
                  | (rElec) [potion of mutation]
 11822 | D:10     | Lost mutation: Your spells are a little easier to cast, but
                  | a little less powerful. [potion of mutation]
 11822 | D:10     | Gained mutation: You sometimes lose your temper in combat.
                  | [potion of mutation]
 11822 | D:10     | Gained mutation: You are frail. (-10% HP) [potion of
                  | mutation]
 11823 | D:10     | Lost mutation: You are frail. (-10% HP) [potion of
                  | mutation]
 11823 | D:10     | Lost mutation: You sometimes lose your temper in combat.
                  | [potion of mutation]
 11823 | D:10     | Gained mutation: You have sharp toenails. [potion of
                  | mutation]
 11871 | D:10     | Killed a two-headed ogre
 12270 | D:10     | Found a staircase to the Orcish Mines.
 12282 | D:10     | Found a snail-covered altar of Cheibriados.
 12290 | D:10     | Found a sacrificial altar of Ru.
 12315 | D:10     | Reached skill level 12 in Air Magic
 12644 | D:10     | Found a hazy altar of Hepliaklqana.
 12735 | Orc:1    | Entered Level 1 of the Orcish Mines
 12802 | Orc:1    | Bought a wand of iceblast (3) for 100 gold pieces
 12868 | Orc:1    | Noticed an orc knight
 12872 | Orc:1    | Killed an orc knight
 13055 | Orc:1    | Noticed an orc knight
 13074 | Orc:1    | Killed an orc knight
 13276 | Orc:1    | Found a runed translucent door.
 13276 | Orc:1    | Noticed Jano's ghost (journeyman OgFE)
 13277 | Orc:1    | Noticed an orc sorcerer
 13282 | Orc:1    | Killed an orc sorcerer
 13513 | Orc:1    | Killed Jano's ghost
 13622 | Orc:1    | Identified the +9 flail of Gemyiss {freeze, Fragile Str-3
                  | SInv Stlth+}
 13656 | Orc:2    | Entered Level 2 of the Orcish Mines
 13658 | Orc:2    | Noticed a two-headed ogre
 13660 | Orc:2    | Noticed Sonja
 13682 | Orc:2    | Noticed a two-headed ogre
 13689 | Orc:2    | Killed a two-headed ogre
 13690 | Orc:2    | Reached skill level 13 in Air Magic
 13801 | Orc:2    | Noticed a two-headed ogre
 13805 | Orc:2    | Killed a two-headed ogre
 13806 | Orc:2    | Reached skill level 1 in Shields
 13931 | Orc:2    | Killed a two-headed ogre
 13970 | Orc:2    | Noticed a two-headed ogre
 13973 | Orc:2    | Killed a two-headed ogre
 13974 | Orc:2    | Reached XP level 12. HP: 102/102 MP: 24/24
 13981 | Orc:2    | Noticed a two-headed ogre
 14026 | Orc:2    | Killed a two-headed ogre
 14124 | Orc:2    | Killed Sonja
 14324 | Orc:2    | Reached skill level 14 in Air Magic
 14793 | Orc:2    | Found Evyu's Assorted Antiques.
 14799 | Orc:2    | Bought a smoking morningstar for 297 gold pieces
 14799 | Orc:2    | Identified the +9 morningstar "Ryrgh" {flame, Will+} (You
                  | bought it in a shop on level 2 of the Orcish Mines)
 14882 | Orc:2    | Noticed a two-headed ogre
 15116 | Orc:2    | Killed a two-headed ogre
 15261 | Orc:2    | Found Aleol's General Store.
 15318 | Orc:1    | Bought a scroll of identify for 28 gold pieces
 15369 | Orc:2    | Bought a scroll of identify for 30 gold pieces
 15369 | Orc:2    | Bought a scroll of identify for 30 gold pieces
 15371 | Orc:2    | Reached skill level 15 in Air Magic
 15371 | Orc:2    | Reached XP level 13. HP: 112/112 MP: 26/26
 16089 | Orc:2    | Found a staircase to the Elven Halls.
 16350 | Orc:2    | Noticed an orc warlord
 16405 | Orc:2    | Killed an orc warlord
 16528 | Orc:2    | Reached skill level 10 in Spellcasting
 17178 | Orc:2    | Found Qeonn's General Store.
 17526 | Orc:2    | Found Tianast's Armour Emporium.
 17608 | Orc:2    | Reached skill level 10 in Fighting
 17840 | Orc:2    | Reached skill level 16 in Air Magic
 18410 | Lair:1   | Entered Level 1 of the Lair of Beasts
 18450 | Lair:1   | Reached XP level 14. HP: 121/121 MP: 28/28
 18834 | Lair:1   | Noticed Gastronok
 18847 | Lair:1   | Killed Gastronok
 20158 | Lair:2   | Found a frozen archway.
 20174 | Lair:2   | Noticed Fannar
 20180 | IceCv    | Entered an ice cave
 20483 | Lair:2   | Killed Fannar
 20822 | Lair:2   | Reached skill level 17 in Air Magic
 20969 | Lair:2   | Noticed Amaemon
 20976 | Lair:2   | Learned a level 3 spell: Swiftness
 20997 | Lair:2   | Killed Amaemon
 21992 | Lair:3   | Found a hole to the Spider Nest.
 22000 | Lair:3   | Got Gusoor's Catalogue of Spatial Haze
 22008 | Lair:3   | Learned a level 6 spell: Plasma Beam
 23223 | Lair:3   | Found a staircase to the Swamp.
 23225 | Lair:3   | Lost mutation: You have sharp toenails. [potion of
                  | mutation]
 23225 | Lair:3   | Gained mutation: You are weak. (Str -2) [potion of
                  | mutation]
 23225 | Lair:3   | Gained mutation: Your magical capacity is low. (-10% MP)
                  | [potion of mutation]
 23225 | Lair:3   | Gained mutation: You possess an exceptional clarity of
                  | mind. [potion of mutation]
 24173 | Lair:4   | Reached skill level 18 in Air Magic
 24788 | Lair:5   | Entered Level 5 of the Lair of Beasts
 24872 | Lair:5   | Reached XP level 15. HP: 130/130 MP: 26/27
 25868 | Lair:5   | Found a viscous altar of Jiyva.
 25868 | Lair:5   | Found a staircase to the Slime Pits.
 26966 | Lair:5   | Bought the +1 pair of gloves "Qufaprux" {Int+3} for 433
                  | gold pieces
 27139 | D:7      | Bought a granite ring for 145 gold pieces
 27267 | Swamp:1  | Entered Level 1 of the Swamp
 28547 | Swamp:2  | Constricted to death by a shambling mangrove

Illustrated notes

Levels and vault maps discovered:
D:1:      dpeg_arrival_tiny_a, layout_loops_ring, kennysheep_flooded_box,
          chequers_serial_rivers_micro_e
D:2:      layout_basic, minmay_pentomino_z4
D:3:      layout_rooms, portal_sewer_entry_b, uniq_grinder
D:4:      layout_rooms, minitemple, minmay_strange_pillars
D:5:      layout_basic
D:6:      layout_rooms, minmay_temple_entry_arrows, nicolae_sextant
D:7:      layout_rooms, general_overflow_altar,
          mainiacjoe_overflow_six_doors_small,
          nicolae_ossuary_entry_false_entrances, serial_shops,
          nicolae_square_shop, minmay_liquid_box, uniq_maggie, uniq_menkaure
D:8:      layout_layer_cave, uniq_erica, uniq_maurice
D:9:      layout_rooms, zin_statuary, uniq_joseph
D:10:     layout_layer_cave, nicolae_hepliaklqana_ecumenical_no_more,
          mainiacjoe_overflow_large_starburst, dpeg_lair_monsters, uniq_erolcha
Temple:   nicolae_temple_hex_pool
Lair:1:   layout_regular_city, uniq_gastronok
Lair:2:   layout_cave_pods, portal_ice_cave_entry_ice_simulacra,
          beast_lair_carwin_7, uniq_amaemon, uniq_fannar
Lair:3:   layout_regular_city, nicolae_swamp_entry_spooky,
          spider_nest_entry_rubble
Lair:4:   layout_regular_city, kennysheep_rathole, infiniplex_staircase_pool_2
Lair:5:   guppyfry_lair_end_dragon, layout_regular_city, slime_entry_1,
          serial_bayou_shore_b, grunt_megastairs_3
Swamp:1:  layout_basic_swamp, evilmike_swamp_ruin_house_4
Swamp:2:  layout_basic_swamp, nicolae_swamp_very_dense_foliage
Orc:1:    layout_caves, gammafunk_ghost_grave
Orc:2:    pubby_orc_utopia, uniq_sonja

Skill      XL: |  1  2  3  4  5  6  7  8  9 10 11 12 13 14 15 |
---------------+----------------------------------------------+-----
Air Magic      | 4 5 6 8 10 11 13 15 16 18 | 18.9
Stealth        | 2 3 4 |  4.6
Conjurations   | 2 3 4 5 6 7 8 9 |  9.3
Dodging        | 2 3 4 |  4.1
Spellcasting   | 3 4 5 6 7 8 9 10 11 12 | 12.5
Fighting       | 1 3 4 5 6 8 9 10 11 12 | 12.1
Maces & Flails | 1 2 4 |  4.5
Shields        | 1 2 |  2.8
Fire Magic     | 2 3 4 |  4.6
Unarmed Combat | |  0.6

Action                     |  1- 3 |  4- 6 |  7- 9 | 10-12 | 13-15 || total
---------------------------+-------+-------+-------+-------+-------++-------
  Melee: Unarmed           |     6 |    36 |       |       |       ||    42
         Tailslap          |       |     7 |     8 |     7 |     7 ||    29
         Punch             |       |     1 |       |     3 |     2 ||     6
         Whip              |       |     6 |    50 |    27 |       ||    83
         Morningstar       |       |       |       |    21 |    66 ||    87
         Staff             |       |       |       |       |     2 ||     2
   Cast: Shock             |   109 |   119 |   197 |   146 |   306 ||   877
         Static Discharge  |       |    11 |    24 |    59 |   188 ||   282
         Airstrike         |       |       |       |    65 |   261 ||   326
         Plasma Beam       |       |       |       |       |     2 ||     2
 Invoke: Call Merchant     |       |       |       |     3 |     3 ||     6
Ability: Breathe Steam     |       |       |    46 |    46 |   170 ||   262
  Evoke: Wand              |       |       |       |       |     3 ||     3
    Use: Scroll            |     3 |     9 |    12 |     8 |     9 ||    41
         Potion            |       |     2 |       |     5 |     2 ||     9
   Stab: Sleeping          |       |     1 |       |       |       ||     1
         Distracted        |       |       |       |     1 |     1 ||     2
 Armour: Skin              |    10 |    41 |    28 |    40 |   120 ||   239
  Dodge: Dodged            |    11 |    55 |    52 |    61 |   142 ||   321
  Block: Other             |       |       |     6 |    37 |    52 ||    95
         Reflection        |       |       |       |     3 |     1 ||     4

Table legend: (Time is in decaauts)
 A = Elapsed time spent in this place.
 B = Non-inter-level travel time spent in this place.
 C = Inter-level travel time spent in this place.
 D = Time resting spent in this place.
 E = Time spent auto-exploring this place.
 F = Levels seen in this place.
 G = Mean time per level.
                   A        B        C        D        E       F      G
               +--------+--------+--------+--------+--------+-----+--------+
         Total |  29184 |  28042 |   1142 |    858 |  23042 |  23 | 1268.9 |
       Dungeon |  11583 |  11067 |    516 |    449 |   9073 |  10 | 1158.3 |
        Temple |    226 |    226 |      0 |    100 |     99 |   1 |  226.0 |
          Lair |   9430 |   9079 |    351 |     64 |   7743 |   5 | 1886.0 |
         Swamp |    821 |    767 |     54 |     72 |    606 |   2 |  410.5 |
  Orcish Mines |   5679 |   5460 |    219 |     47 |   4453 |   2 | 2839.5 |
         Sewer |    444 |    444 |      0 |      0 |    378 |   1 |  444.0 |
       Ossuary |    698 |    698 |      0 |      0 |    590 |   1 |  698.0 |
      Ice Cave |    299 |    299 |      0 |    126 |     98 |   1 |  299.0 |
               +--------+--------+--------+--------+--------+-----+--------+

Top non-repeatable levels by time:
   Orc:2: 4379 daAuts
  Lair:5: 2205 daAuts
  Lair:3: 2151 daAuts
  Lair:1: 1875 daAuts
    D:10: 1642 daAuts
  Lair:2: 1640 daAuts
  Lair:4: 1558 daAuts
     D:9: 1530 daAuts
     D:8: 1459 daAuts
   Orc:1: 1300 daAuts
     D:2: 1294 daAuts
     D:1: 1239 daAuts
     D:6: 1086 daAuts
     D:7: 888 daAuts
     D:3: 863 daAuts
